3A
NEBRASKA PLAINSMEN @ MT. VERNON BULLS
05/01/2032
 
TOP OF THE 1ST
Nebraska Plainsmen batting - Pitching for Mt. Vernon Bulls : RHP Jesús Franco
Pitching: RHP Jesús Franco
Batting: RHB Troy Ross 0-0: Ball
1-0: Called Strike
1-1: Called Strike
1-2: Fly out, F8 (Flyball, 8LS)
Batting: SHB Jorge Iglésias 0-0: Called Strike
0-1: Fly out, F6 (Line Drive, 6)
Batting: LHB Richello Mabait 0-0: Ball
1-0: Fly out, F6 (Popup, 6M)
Top of the 1st over - 0 runs, 0 hits, 0 errors, 0 left on base; Nebraska 0 - Mt. Vernon 0
BOTTOM OF THE 1ST
Mt. Vernon Bulls batting - Pitching for Nebraska Plainsmen : RHP Pedro Vázquez
Pitching: RHP Pedro Vázquez
Batting: SHB Toby Sutton 0-0: Called Strike
0-1: Fly out, F3 (Popup, 3F)
Batting: LHB Sidney Dollarhide 0-0: Fly out, F9 (Flyball, 9LM)
Batting: RHB Mike Howard 0-0: Single, Error in OF, E7, batter to second base
Batting: RHB Angeddy Almanzar 0-0: Called Strike
0-1: Ground out 5-3 (Groundball, 56)
Bottom of the 1st over - 0 runs, 1 hit, 1 error, 1 left on base; Nebraska 0 - Mt. Vernon 0
TOP OF THE 2ND
Nebraska Plainsmen batting - Pitching for Mt. Vernon Bulls : RHP Jesús Franco
Batting: LHB Nathan Housden 0-0: Ground out 6-3 (Groundball, 6)
Batting: SHB Roger Dorn 0-0: Ball
1-0: Ground out 3-1 (Groundball, 34)
Batting: RHB Gary Mosley 0-0: Ball
1-0: Ball
2-0: Swinging Strike
2-1: Foul Ball, location: 2F
2-2: Strikes out swinging
Top of the 2nd over - 0 runs, 0 hits, 0 errors, 0 left on base; Nebraska 0 - Mt. Vernon 0
BOTTOM OF THE 2ND
Mt. Vernon Bulls batting - Pitching for Nebraska Plainsmen : RHP Pedro Vázquez
Batting: RHB José Salinas 0-0: Ball
1-0: Ball
2-0: Ball
3-0: Base on Balls
Batting: RHB Tyler Utterback 0-0: Called Strike
0-1: Ball
1-1: Ball
2-1: Foul Ball, location: 2F
2-2: SINGLE (Groundball, 5S) (infield hit)
José Salinas to second
Batting: RHB Alfonso Torres 0-0: Ball
1-0: Ball
2-0: Foul Ball, location: 2F
2-1: Swinging Strike
2-2: Strikes out swinging
Batting: RHB Modesto González 0-0: Called Strike
0-1: SINGLE (Groundball, 56D)
José Salinas to third
Tyler Utterback to second
Batting: RHB Pablo Miranda 0-0: Foul Ball, location: 2F
0-1: Ball
1-1: Ball
2-1: Foul Ball, location: 2F
2-2: Strikes out swinging
Batting: SHB Toby Sutton 0-0: Foul Ball, location: 2F
0-1: Swinging Strike
0-2: GRAND SLAM HOME RUN (Flyball, 9LD), Distance : 359 ft
Batting: LHB Sidney Dollarhide 0-0: Ball
1-0: Ball
2-0: Ball
3-0: Foul Ball, location: 2F
3-1: Base on Balls
Batting: RHB Mike Howard 0-0: Foul Ball, location: 2F
0-1: Ball
1-1: Ball
2-1: DOUBLE (Line Drive, 7LM)
Sidney Dollarhide to third
Runner from 3rd tries for Home, SAFE, no throw
Batting: RHB Angeddy Almanzar 0-0: Foul Ball, location: 2F
0-1: Swinging Strike
0-2: Fly out, F8 (Flyball, 8LS)
Bottom of the 2nd over - 5 runs, 4 hits, 0 errors, 1 left on base; Nebraska 0 - Mt. Vernon 5
TOP OF THE 3RD
Nebraska Plainsmen batting - Pitching for Mt. Vernon Bulls : RHP Jesús Franco
Batting: SHB Ezequiel Oacia 0-0: Ground out 4-3 (Groundball, 4)
Batting: RHB Diego Martínez 0-0: Called Strike
0-1: SINGLE (Groundball, 56D)
Batting: RHB Tomas van Noord 0-0: Ball
1-0: Called Strike
1-1: Foul Ball, location: 2F
1-2: Strikes out swinging
Batting: RHB Troy Ross 0-0: Fly out, F9 (Line Drive, 9S)
Top of the 3rd over - 0 runs, 1 hit, 0 errors, 1 left on base; Nebraska 0 - Mt. Vernon 5
BOTTOM OF THE 3RD
Mt. Vernon Bulls batting - Pitching for Nebraska Plainsmen : RHP Pedro Vázquez
Batting: RHB José Salinas 0-0: Ball
1-0: SINGLE (Line Drive, 56D)
Batting: RHB Tyler Utterback 0-0: Foul Ball, location: 2F
0-1: SINGLE (Groundball, 4MS) (infield hit)
José Salinas to second
Batting: RHB Alfonso Torres 0-0: Called Strike
0-1: Ball
1-1: Ball
2-1: SINGLE (Groundball, 6MD)
José Salinas to third
Tyler Utterback to second
Batting: RHB Modesto González 0-0: Ball
1-0: Ball
2-0: SINGLE (Groundball, 4MD)
José Salinas scores
Tyler Utterback to third
Alfonso Torres to second
Runner from 3rd tries for Home, SAFE, throw made home
Batting: RHB Pablo Miranda 0-0: Called Strike
0-1: Ball
1-1: Ball
2-1: Fly out, F9 (Flyball, 9S)
Batting: SHB Toby Sutton 0-0: Called Strike
0-1: Foul Ball, location: 2F
0-2: Grounds into double play, 4-6-3 (Groundball, 4)
Bottom of the 3rd over - 2 runs, 4 hits, 0 errors, 1 left on base; Nebraska 0 - Mt. Vernon 7
TOP OF THE 4TH
Nebraska Plainsmen batting - Pitching for Mt. Vernon Bulls : RHP Jesús Franco
Batting: SHB Jorge Iglésias 0-0: Foul Ball, location: 2F
0-1: Swinging Strike
0-2: Strikes out swinging
Batting: LHB Richello Mabait 0-0: Ball
1-0: Fly out, F6 (Line Drive, 6)
Batting: LHB Nathan Housden 0-0: Ball
1-0: Ground out 4-3 (Groundball, 34D)
Top of the 4th over - 0 runs, 0 hits, 0 errors, 0 left on base; Nebraska 0 - Mt. Vernon 7
BOTTOM OF THE 4TH
Mt. Vernon Bulls batting - Pitching for Nebraska Plainsmen : RHP Pedro Vázquez
Batting: LHB Sidney Dollarhide 0-0: Ball
1-0: Foul Ball, location: 2F
1-1: Foul Ball, location: 2F
1-2: Strikes out swinging
Batting: RHB Mike Howard 0-0: Called Strike
0-1: Foul Ball, location: 2F
0-2: Foul Ball, location: 2F
0-2: Strikes out swinging
Batting: RHB Angeddy Almanzar 0-0: Called Strike
0-1: Ball
1-1: Hit by Pitch
Batting: RHB José Salinas 0-0: Ball
1-0: Called Strike
1-1: DOUBLE (Line Drive, 7LD)
Angeddy Almanzar to third
Runner from 3rd tries for Home, SAFE, no throw
Pitching: RHP Darrell Bouwhuis
Batting: RHB Tyler Utterback 0-0: Ball
1-0: Called Strike
1-1: Ball
2-1: Ground out 6-3 (Groundball, 6)
Bottom of the 4th over - 1 run, 1 hit, 0 errors, 1 left on base; Nebraska 0 - Mt. Vernon 8
TOP OF THE 5TH
Nebraska Plainsmen batting - Pitching for Mt. Vernon Bulls : RHP Jesús Franco
Batting: SHB Roger Dorn 0-0: Ball
1-0: Fly out, F9 (Flyball, 9D)
Batting: RHB Gary Mosley 0-0: Called Strike
0-1: Swinging Strike
0-2: Ground out 6-3 (Groundball, 6S)
Batting: SHB Ezequiel Oacia 0-0: Fly out, F3 (Popup, 3F)
Top of the 5th over - 0 runs, 0 hits, 0 errors, 0 left on base; Nebraska 0 - Mt. Vernon 8
BOTTOM OF THE 5TH
Mt. Vernon Bulls batting - Pitching for Nebraska Plainsmen : RHP Darrell Bouwhuis
Batting: RHB Alfonso Torres 0-0: SINGLE (Groundball, 6) (infield hit)
Batting: RHB Modesto González 0-0: Swinging Strike
0-1: Ball
1-1: Fly out, F8 (Flyball, 8RM)
Batting: RHB Pablo Miranda 0-0: Ball
1-0: Called Strike
1-1: SINGLE (Groundball, 6D)
Alfonso Torres to second
Batting: SHB Toby Sutton 0-0: Ball
1-0: Fly out, F8 (Flyball, 8RD)
Runner from 2nd tags up, SAFE at 3rd, no throw
Batting: LHB Sidney Dollarhide 0-0: Ball
1-0: Called Strike
1-1: Foul Ball, location: 2F
1-2: Ball
2-2: Ball
3-2: Foul Ball, location: 2F
3-2: DOUBLE (Line Drive, 9LS)
Alfonso Torres scores
Pablo Miranda to third
Pablo Miranda scores
Batting: RHB Mike Howard 0-0: Ball
1-0: Called Strike
1-1: Fly out, F9 (Flyball, 9LM)
Bottom of the 5th over - 2 runs, 3 hits, 0 errors, 1 left on base; Nebraska 0 - Mt. Vernon 10
TOP OF THE 6TH
Nebraska Plainsmen batting - Pitching for Mt. Vernon Bulls : RHP Jesús Franco
Batting: RHB Diego Martínez 0-0: Ball
1-0: Ball
2-0: Ball
3-0: Base on Balls
Batting: RHB Tomas van Noord 0-0: Ball
1-0: Called Strike
1-1: Foul Ball, location: 2F
1-2: Strikes out looking
Batting: RHB Troy Ross 0-0: Ball
1-0: Called Strike
1-1: Ball
2-1: Swinging Strike
2-2: Fly out, F1 (Line Drive, 13)
Batting: SHB Jorge Iglésias 0-0: Swinging Strike
0-1: Called Strike
0-2: Ball
1-2: Ball
2-2: Ball
3-2: Strikes out swinging
Top of the 6th over - 0 runs, 0 hits, 0 errors, 1 left on base; Nebraska 0 - Mt. Vernon 10
BOTTOM OF THE 6TH
Mt. Vernon Bulls batting - Pitching for Nebraska Plainsmen : RHP Darrell Bouwhuis
Batting: RHB Angeddy Almanzar 0-0: Swinging Strike
0-1: Foul Ball, location: 2F
0-2: Ball
1-2: Ball
2-2: SINGLE (Groundball, 6MD)
Batting: RHB José Salinas 0-0: Ball
1-0: Foul Ball, location: 2F
1-1: Ball
Wild Pitch!
Angeddy Almanzar to second
2-1: Ball
3-1: Base on Balls
Batting: RHB Tyler Utterback 0-0: Foul Ball, location: 2F
0-1: Ball
1-1: Ball
2-1: Called Strike
2-2: Ball
3-2: Strikes out swinging
Batting: RHB Alfonso Torres 0-0: Ball
1-0: Swinging Strike
1-1: Hit by Pitch
Angeddy Almanzar to third
José Salinas to second
Batting: RHB Modesto González 0-0: Fly out, F9 (Flyball, 9D)
Runner from 3rd tags up, SCORES, no throw
Batting: RHB Pablo Miranda 0-0: Called Strike
0-1: Ground out 6-3 (Groundball, 56)
Bottom of the 6th over - 1 run, 1 hit, 0 errors, 2 left on base; Nebraska 0 - Mt. Vernon 11
TOP OF THE 7TH
Nebraska Plainsmen batting - Pitching for Mt. Vernon Bulls : RHP Jesús Franco
Batting: LHB Richello Mabait 0-0: Called Strike
0-1: Foul Ball, location: 2F
0-2: Fly out, F7 (Flyball, 7S)
Batting: LHB Nathan Housden 0-0: Ball
1-0: Ball
2-0: Fly out, F9 (Line Drive, 89D)
Batting: SHB Roger Dorn 0-0: Ball
1-0: Fly out, F8 (Flyball, 8LM)
Top of the 7th over - 0 runs, 0 hits, 0 errors, 0 left on base; Nebraska 0 - Mt. Vernon 11
BOTTOM OF THE 7TH
Mt. Vernon Bulls batting - Pitching for Nebraska Plainsmen : RHP Darrell Bouwhuis
Batting: SHB Toby Sutton 0-0: Called Strike
0-1: Ball
1-1: Ball
2-1: Ball
3-1: Called Strike
3-2: Foul Ball, location: 2F
3-2: Strikes out swinging
Batting: LHB Sidney Dollarhide 0-0: Called Strike
0-1: Called Strike
0-2: Ball
1-2: SINGLE (Groundball, 4S) (infield hit)
Batting: RHB Mike Howard 0-0: Called Strike
Sidney Dollarhide steals 2nd base
0-1: Fly out, F1 (Line Drive, 15)
Batting: RHB Angeddy Almanzar 0-0: Called Strike
0-1: Ball
1-1: Swinging Strike
1-2: Ball
2-2: Ground out 5-3 (Groundball, 56)
Bottom of the 7th over - 0 runs, 1 hit, 0 errors, 1 left on base; Nebraska 0 - Mt. Vernon 11
TOP OF THE 8TH
Nebraska Plainsmen batting - Pitching for Mt. Vernon Bulls : RHP Jesús Franco
Now at 1B: Tom Chagolla
Now at SS: Iván Soto
Batting: RHB Gary Mosley 0-0: Called Strike
0-1: Swinging Strike
0-2: Ball
1-2: Fly out, F7 (Flyball, 78S)
Batting: SHB Ezequiel Oacia 0-0: Ball
1-0: Ground out 4-3 (Groundball, 4M)
Pinch Hitting: RHB Tatsui Murakami 0-0: Ball
1-0: Called Strike
1-1: Ball
2-1: Called Strike
2-2: Ball
3-2: Base on Balls
Batting: RHB Tomas van Noord 0-0: Ball
1-0: Fly out, F3 (Popup, 3F)
Top of the 8th over - 0 runs, 0 hits, 0 errors, 1 left on base; Nebraska 0 - Mt. Vernon 11
BOTTOM OF THE 8TH
Mt. Vernon Bulls batting - Pitching for Nebraska Plainsmen : RHP Darrell Bouwhuis
Now at 2B: Hal Gast
Batting: LHB Iván Soto 0-0: Ground out U3 (Groundball, 34)
Batting: RHB Tyler Utterback 0-0: Ball
1-0: Ground out 1-3 (Groundball, P)
Batting: RHB Alfonso Torres 0-0: Ball
1-0: Ball
2-0: SINGLE (Groundball, 56D)
Batting: RHB Modesto González 0-0: Called Strike
Alfonso Torres steals 2nd base
0-1: Fly out, F9 (Flyball, 9D)
Bottom of the 8th over - 0 runs, 1 hit, 0 errors, 1 left on base; Nebraska 0 - Mt. Vernon 11
TOP OF THE 9TH
Nebraska Plainsmen batting - Pitching for Mt. Vernon Bulls : RHP Jesús Franco
Batting: RHB Troy Ross 0-0: Foul Ball, location: 2F
0-1: Called Strike
0-2: Ball
1-2: Strikes out swinging
Batting: SHB Jorge Iglésias 0-0: Fly out, F7 (Flyball, 78D)
Batting: LHB Richello Mabait 0-0: Ball
1-0: Ball
2-0: DOUBLE (Line Drive, 89D)
Batting: LHB Nathan Housden 0-0: Ball
1-0: Called Strike
1-1: Called Strike
1-2: Strikes out looking
Top of the 9th over - 0 runs, 1 hit, 0 errors, 1 left on base; Nebraska 0 - Mt. Vernon 11
Wednesday, September 19th, 2018 - OOTP Baseball 18.8 Build 76